 Dungeon Crawl Stone Soup version 0.32-a0-899-geb5ba95c15 (webtiles) character file.

Game seed: 787115756226115963

1078 Frousche the Slicer (level 8, -5/56 HPs)
             Began as a Coglin Brigand on Apr 5, 2024.
             Slain by Edmund
             ... wielding a +3 heavy dire flail
              (18 damage)
             ... on level 6 of the Dungeon.
             The game lasted 00:13:13 (5050 turns).

Frousche the Slicer (Coglin Brigand)                Turns: 5050, Time: 00:13:13

Health: -5/56      AC:  6    Str: 12    XL:     8   Next: 29%
Magic:  8/8        EV: 10    Int: 10    God:
Gold:   201        SH:  0    Dex: 18    Spells: 7/7 levels left

rFire   + . .        k - +0 dagger (elec) {Feng}
rCold   . . .        n - +0 long sword {Gabriela}
rNeg    . . .        q - +0 robe {rF+}
rPois   .            x - +2 hat
rElec   .            c - +1 cloak
rCorr   .            (no gloves)
SInv    .            (no boots)
Will    .....        (amulet unavailable)
Stlth   +++          (ring unavailable)
HPRegen 0.29/turn    (ring unavailable)
MPRegen 0.11/turn    (no gizmo)

%: no passive effects
@: no status effects
A: off-hand wielding, slow wielding, warmup strikes, no jewellery
a: Invent Gizmo


You were on level 6 of the Dungeon.
You visited 1 branch of the dungeon, and saw 6 of its levels.

You collected 201 gold pieces.

Inventory:

Hand Weapons
 a - a +2 dagger {Kulveer}
 k - a +0 dagger of electrocution (weapon) {Feng}
 n - a +0 long sword (offhand) {Gabriela}
Missiles
 d - 14 poisoned darts
 e - 8 curare-tipped darts (quivered)
 g - 59 stones
 i - 7 javelins
 u - a boomerang
Armour
 c - a +1 cloak (worn)
 o - a +0 helmet
 q - a +0 robe of fire resistance (worn)
 v - a +1 chain mail of fire resistance
 x - a +2 hat (worn)
 B - a scarf of resistance
Wands
 r - a wand of flame (22)
Scrolls
 j - 2 scrolls of teleportation
Potions
 b - 2 potions of resistance
 f - 2 potions of enlightenment
 h - 2 potions of degeneration
 l - 4 potions of curing
 m - a potion of attraction {unknown}
 p - a potion of might {unknown}
 s - 2 potions of heal wounds
 w - 2 potions of brilliance
 z - 2 potions of berserk rage
 A - a potion of invisibility {unknown}
 F - 2 potions of haste {unknown}


   Skills:
 - Level 2.0 Fighting
 * Level 8.9 Short Blades
 - Level 1.7 Throwing
 - Level 0.8 Dodging
 - Level 3.2 Stealth


You had 7 spell levels left.
You didn't know any spells.
Your spell library contained the following spells:

 Spells                   Type           Power      Damage    Failure   Level
 Call Imp                 Summ           0%         N/A       50%         2
 Sublimation of Blood     Necr           0%         N/A       50%         2
 Summon Hydra             Summ           0%         N/A       100%        7


Dungeon Overview and Level Annotations

Branches:
Dungeon (6/15)
 Temple: D:4-7

Altars:
Cheibriados
Fedhas
Ru
Trog
Wu Jian

Shops:
D:2 [   D:5 *

Annotations:
D:6 Edmund


Innate Abilities, Weirdness & Mutations

You can wield a second weapon in your off-hand.
It takes a long time for you to wield or remove held weapons.
Your first few attacks do less damage.
You cannot equip rings or amulets.


Message History

The orc priest is moderately wounded.
You barely miss the orc priest with your +0 long sword.
The white imp gestures at you. The puff of frost misses you.
The orc priest threatens, "Beogh's wrath is as vast as their mercy.
Make your choice!"
You hit the orc priest but do no damage.
The orc priest is moderately wounded.
You hit the orc priest with your +0 dagger of electrocution.
Lightning courses through the orc priest!
You kill the orc priest!
The black bear bites you but does no damage.
The black bear claws you but does no damage.
The black bear claws you. Edmund barely misses you.
The orc wizard casts a spell.
The orc wizard flickers and vanishes!
Deactivating autopickup; reactivate with Ctrl-A.
The white imp gestures at you. The puff of frost hits you!
* * * LOW HITPOINT WARNING * * *
The black bear bites you but does no damage.
The black bear closely misses you. The black bear completely misses you.
You see here a +0 trident.
Something hits you but does no damage. The white imp gestures at you.
The puff of frost hits you.
* * * LOW HITPOINT WARNING * * *
The black bear attacks as it pursues you!
The black bear bites you.
* * * LOW HITPOINT WARNING * * *
The black bear barely misses you. The black bear claws you.
* * * LOW HITPOINT WARNING * * *
Blink to where?
Press: ? - help, Dir - move target A phantom comes into view.
Found a whip.
As you read the scroll of blinking, it crumbles to dust.
There is a stone staircase leading up here.
Edmund hits you with a +3 heavy dire flail!!
You die...
Edmund says, "I'd like to see a scythe do that!"

#...###...#... ##
###.W.# ##.##....
###.##.#..####.........
#.......####.#..#......
#.........##....##.....
#............>))..#....
#...........#.##.......
#..#.....@#.#.)#.......
#. #....@..##.{@.......
# ##......###......#..
..........# #..$...#
............#.......#
......#................
........##.............
.....#................#
...##.. ..#....^......


You could see Edmund.

Vanquished Creatures
  A water moccasin (D:4)
  2 ogres (D:4)
  A phantom (D:5)
  2 scorpions
  A howler monkey (D:5)
  2 jellies (D:5)
  A gnoll bouda (D:3)
  2 orc priests
  Jessica (D:3)
  Ijyb (D:5)
  A sleepcap (D:5)
  An iguana (D:5)
  2 orc wizards
  Robin (D:3)
  4 gnolls (D:3)
  8 adders
  6 ribbon worms
  A dart slug (D:3)
  12 orcs
  8 endoplasms
  3 giant cockroaches
  19 goblins
  14 hobgoblins
  8 jackals
  3 quokkas
  8 ball pythons
  6 bats
  10 frilled lizards
  9 kobolds
  7 rats
145 creatures vanquished.

Notes
Turn   | Place    | Note
-------+----------+-------------------------------------------
     0 | D:1      | Frousche the Coglin Brigand began the quest for the Orb.
     0 | D:1      | Reached XP level 1. HP: 16/16 MP: 1/1
    46 | D:1      | Reached skill level 2 in Short Blades
   116 | D:1      | Reached XP level 2. HP: 19/22 MP: 2/2
   159 | D:1      | Found a faded altar of an unknown god.
   343 | D:1      | Reached skill level 3 in Short Blades
   350 | D:1      | Reached XP level 3. HP: 16/27 MP: 3/3
   674 | D:2      | Found Rygoxycu's Antique Armour Shop.
   800 | D:2      | Reached XP level 4. HP: 33/33 MP: 4/4
   856 | D:2      | Reached skill level 4 in Short Blades
  1587 | D:3      | Noticed Robin
  1591 | D:3      | Reached XP level 5. HP: 31/38 MP: 5/5
  1623 | D:3      | Killed Robin
  1720 | D:3      | Reached skill level 5 in Short Blades
  1857 | D:3      | Noticed Jessica
  1866 | D:3      | Killed Jessica
  1867 | D:3      | Reached XP level 6. HP: 39/44 MP: 6/6
  2224 | D:3      | Reached skill level 6 in Short Blades
  2365 | D:3      | Found an ornate altar of the Wu Jian Council.
  2829 | D:4      | Reached XP level 7. HP: 44/50 MP: 7/7
  3137 | D:4      | Reached skill level 7 in Short Blades
  3413 | D:4      | Found a blossoming altar of Fedhas.
  3651 | D:4      | Found a bloodstained altar of Trog.
  3976 | D:5      | Entered Level 5 of the Dungeon
  4013 | D:5      | Reached skill level 8 in Short Blades
  4311 | D:5      | Noticed Ijyb
  4320 | D:5      | Killed Ijyb
  4321 | D:5      | Reached XP level 8. HP: 53/56 MP: 8/8
  4437 | D:5      | Found a snail-covered altar of Cheibriados.
  4459 | D:5      | Found a sacrificial altar of Ru.
  4466 | D:5      | Found Ojiakar's Assorted Antiques.
  5029 | D:6      | Noticed Edmund
  5050 | D:6      | Slain by Edmund

Illustrated notes

Levels and vault maps discovered:
D:1:      dpeg_arrival_oval, layout_rooms, basic_ecumenical_altar,
          minmay_small_reverse_x
D:2:      layout_basic, serial_shops, shop
D:3:      layout_loops_cross, mainiacjoe_overflow_tiny_flanked,
          minmay_lizard_king, uniq_robin, uniq_jessica
D:4:      wad_crossroads, layout_basic, mainiacjoe_overflow_24_doors,
          mainiacjoe_overflow_alcove_4, chequers_big_river
D:5:      layout_basic, nicolae_ru_awakened_eye, general_overflow_altar,
          serial_shops, shop, uniq_ijyb
D:6:      layout_cave_pools, lemuel_doored_altar,
          mainiacjoe_overflow_six_doors_small, marbit_many_paths,
          minmay_manual_moon, uniq_edmund

Skill      XL: |  1  2  3  4  5  6  7 |
---------------+----------------------+-----
Short Blades   | 2 3 4 5 6 8 |  8.9
Fighting       | |  2.0
Throwing       | |  1.7
Dodging        | |  0.8
Stealth        | |  3.2

Action                     |  1- 3 |  4- 6 |  7- 9 || total
---------------------------+-------+-------+-------++-------
  Melee: Dagger            |   166 |   118 |    93 ||   377
         Long sword        |       |   109 |    90 ||   199
  Throw: Dart              |       |       |     2 ||     2
    Use: Scroll            |     1 |     2 |    16 ||    19
         Potion            |       |     1 |       ||     1
   Stab: Sleeping          |     2 |     7 |     4 ||    13
 Armour: Robe              |    46 |    73 |    82 ||   201
  Dodge: Dodged            |    43 |    75 |    59 ||   177

Table legend: (Time is in decaauts)
 A = Elapsed time spent in this place.
 B = Non-inter-level travel time spent in this place.
 C = Inter-level travel time spent in this place.
 D = Time resting spent in this place.
 E = Time spent auto-exploring this place.
 F = Levels seen in this place.
 G = Mean time per level.
                   A        B        C        D        E       F      G
               +--------+--------+--------+--------+--------+-----+--------+
         Total |   5034 |   4918 |    116 |    385 |   3460 |   6 |  839.0 |
       Dungeon |   5034 |   4918 |    116 |    385 |   3460 |   6 |  839.0 |
               +--------+--------+--------+--------+--------+-----+--------+

Top non-repeatable levels by time:
     D:3: 1265 daAuts
     D:4: 1228 daAuts
     D:5: 1030 daAuts
     D:2: 811 daAuts
     D:1: 663 daAuts
     D:6: 34 daAuts
